 Dungeon Crawl Stone Soup version 0.20.1-1-g8b1a95d (webtiles) character file.

56 tidbits the Grave Robber (level 3, -2/26 HPs)
             Began as a Demigod Necromancer on Aug 24, 2017.
             Killed by nerve-wracking pain
             ... invoked by Grinder
              (9 damage)
             ... on level 3 of the Dungeon.
             The game lasted 00:08:33 (841 turns).

tidbits the Grave Robber (Demigod Necromancer)       Turns: 841, Time: 00:08:34

Health: -2/26      AC:  2    Str: 16    XL:     3   Next: 48%
Magic:  9/9        EV: 18    Int: 26    God:
Gold:   65         SH:  0    Dex: 21    Spells: 1/6 levels left

rFire    . . .     SeeInvis .   a - +0 quarterstaff
rCold    . . .     Gourm    .   (shield currently unavailable)
rNeg     . . .     Faith    .   e - +0 robe
rPois    .         Spirit   .   j - +0 hat
rElec    .         Reflect  .   (no cloak)
rCorr    .         Harm     .   (no gloves)
MR       .....                  (no boots)
Stlth    +++.......             (no amulet)
Regen    0.1/turn               (no ring)
MPRegen  0.2/turn               (no ring)

@: mighty, brilliant, agile, berserk cooldown, hasted and slowed
A: high mp 1
a: no special abilities


You were on level 3 of the Dungeon.
You were not hungry.

You visited 1 branch of the dungeon, and saw 3 of its levels.

You collected 65 gold pieces.

Inventory:

Hand Weapons
 a - a +0 quarterstaff (weapon)
 b - a +0 hunting sling
 q - a +0 short sword
 v - a +0 dagger
Missiles
 d - 27 arrows
 n - 11 sling bullets
 p - 58 stones (quivered)
Armour
 e - a +0 robe (worn)
 j - a +0 hat (worn)
 D - a +0 buckler
Scrolls
 g - a scroll of amnesia {unknown}
 k - 2 scrolls of identify {unknown}
 s - a scroll of blinking {unknown}
 t - a scroll of remove curse {unknown}
Books
 o - a book of Necromancy

   Spells                             Type                      Level
   a - Pain                           Necromancy                   1
   b - Animate Skeleton               Necromancy                   1
   c - Vampiric Draining              Necromancy                   3
   d - Regeneration                   Charms/Necromancy            3
   e - Animate Dead                   Necromancy                   4
   f - Control Undead                 Necromancy                   4
Comestibles
 c - 4 bread rations
 m - 8 fruits
 w - a meat ration


   Skills:
 - Level 1.7 Dodging
 - Level 1.7 Stealth
 + Level 2.4 Spellcasting
 * Level 4.5 Necromancy


You had one spell level left.
You knew the following spells:

 Your Spells              Type           Power        Failure   Level  Hunger
n - Animate Skeleton      Necr           N/A          1%          1    None
v - Vampiric Draining     Necr           #####.....   1%          3    ###....
z - Pain                  Necr           ####         1%          1    None


Dungeon Overview and Level Annotations

Branches:
Dungeon (3/15)

Annotations:
D:3 Grinder


Innate Abilities, Weirdness & Mutations

You have an increased reservoir of magic. (+10% MP)


Message History

Okay, then.
You climb downwards.
Found a spear and a royal jelly.
There is a stone staircase leading up here.
Found a grey potion.
A kobold comes into view.
Your magical contamination has completely faded away.
You see here a spear.
Firing (i - inventory. (,) - cycle):
n - 12 sling bullets (quivered)
Press: ? - help, Shift-Dir - straight line, f - kobold
Aim: a kobold (resting)
You shoot a sling bullet. The sling bullet hits the kobold.
You kill the kobold!
Found a scroll labeled KEGHATR ASIETZ.
You see here a grey potion.
i - a grey potion
Found 11 gold pieces and 4 fruits.
You see here a scroll labeled KEGHATR ASIETZ.
k - 2 scrolls labeled KEGHATR ASIETZ (gained 1)
You see here 11 gold pieces.
You now have 56 gold pieces (gained 11).
Found an escape hatch in the floor.
You see here 4 fruits.
m - 8 fruits (gained 4)
Found 9 gold pieces.
Found a stone staircase leading down.
Found an escape hatch in the ceiling.
You see here 9 gold pieces.
You now have 65 gold pieces (gained 9).
Found a scroll labeled KEGHATR ASIETZ and a bread ration.
Found a stone staircase leading up.
Found 13 bolts.
You see here a bread ration.
c - 4 bread rations (gained 1)
A bat comes into view.
Grinder comes into view.
You see here a scroll labeled KEGHATR ASIETZ.
Unknown command.
Wield which item (- for none, * to show all)? (? for menu, Esc to quit)
Okay, then.
Wield which item (- for none, * to show all)? (? for menu, Esc to quit)
a - a +0 quarterstaff (weapon)
It was a potion of curing.
You feel better.
It was a potion of berserk rage.
A red film seems to cover your vision as you go berserk!
You feel yourself moving faster!
You feel mighty!
You feel a strong urge to attack something.
Grinder shouts!
The bat barely misses you.
You see here a scroll labeled KEGHATR ASIETZ.
You feel your anger subside. The bat hits you but does no damage.
You miss the bat. The bat hits you but does no damage.
Grinder drinks a potion.
Grinder suddenly seems more resistant.
An orc comes into view. It is wielding a club.
The orc shouts!
You thump the bat!
You kill the bat!
You hear an angry hiss.
You hit Grinder.
Grinder is lightly wounded.
You are no longer berserk.
You are exhausted.
You feel yourself slow down. Grinder hits you.
You writhe in agony.
A leopard gecko comes into view.
It was a potion of haste.
You feel yourself speed up. Grinder gestures at you.
You suddenly lose the ability to move!
Grinder hits you but does no damage.
You can move again.
It was a potion of agility.
You feel agile all of a sudden. Grinder completely misses you.
A sky beast comes into view.
You barely miss Grinder.
Grinder is lightly wounded.
Grinder says, "Tell me all your secrets, or I'll kill you."
Grinder hits you!
* * * LOW HITPOINT WARNING * * *
You writhe in agony.
* * * LOW HITPOINT WARNING * * *
Grinder gestures at you. Pain shoots through your body!
* * * LOW HITPOINT WARNING * * *
You feel better. Grinder misses you.
You barely miss Grinder.
Grinder is lightly wounded.
Grinder blinks!
The orc throws a tomahawk.
The tomahawk hits you.
* * * LOW HITPOINT WARNING * * *
It was a potion of brilliance.
You feel clever all of a sudden. Grinder gestures at you.
Pain shoots through your body!
* * * LOW HITPOINT WARNING * * *
The orc throws a tomahawk.
The tomahawk completely misses you.
It was a potion of might.
You feel very mighty all of a sudden. Grinder gestures at you.
Pain shoots through your body!
You die...

.##.# .##.# ....# ...#
##########...###
.............<.#
####.## #....#.#
.....####..###.#
#.>.......>.##.####.###
#....###.......?@†ol.Y#
#..#.......##.5####.#.#
.....###.......# #.##.#
#.#..#.## .....#
#.##.#.# #.####
#.##.#.# #.# #..(...#
#.. ##.....# ##.
#.....#


You could see Grinder, a sky beast (wandering), an orc and a leopard gecko.

Vanquished Creatures
  2 adders (D:2)
  4 giant cockroaches
  6 goblins
  2 hobgoblins
  3 jackals (D:2)
  A quokka (D:2)
  5 bats
  A frilled lizard (D:1)
  7 kobolds
  2 rats (D:1)
33 creatures vanquished.

Vanquished Creatures (collateral kills)
  A frilled lizard (D:1)
  A rat (D:1)
2 creatures vanquished.

Grand Total: 35 creatures vanquished

Notes
Turn   | Place    | Note
-------+----------+-------------------------------------------
     0 | D:1      | tidbits the Demigod Necromancer began the quest for the Orb.
     0 | D:1      | Reached XP level 1. HP: 14/14 MP: 5/5
   129 | D:1      | Reached skill level 2 in Spellcasting
   147 | D:1      | Reached XP level 2. HP: 6/20 MP: 2/7
   156 | D:1      | Learned a level 1 spell: Animate Skeleton
   294 | D:1      | Reached skill level 4 in Necromancy
   529 | D:2      | HP: 2/20 [giant cockroach (1)]
   592 | D:2      | Reached XP level 3. HP: 6/26 MP: 9/9
   597 | D:2      | Learned a level 3 spell: Vampiric Draining
   822 | D:3      | Noticed Grinder
   834 | D:3      | Paralysed by Grinder for 2 turns
   837 | D:3      | Noticed a sky beast
   837 | D:3      | HP: 1/26 [Grinder/nerve-wracking pain (3)]
   841 | D:3      | Killed from afar by Grinder

Skill      XL: |  1  2 |
---------------+-------+-----
Spellcasting   | 2 |  2.4
Necromancy     | 4 |  4.5
Dodging        | |  1.7
Stealth        | |  1.7

Action                   || total
-------------------------++-------
Melee: Dagger            ||     3
       Quarterstaff      ||     5
 Fire: Hunting sling     ||    29
 Cast: Pain              ||    36
       Animate Skeleton  ||     2
       Vampiric Draining ||     4
  Use: Potion            ||     7
Armor: Robe              ||     8
Dodge: Dodged            ||    13

Table legend:
 A = Turns spent in this place as a percentage of turns spent in the entire game.
 B = Non-inter-level travel turns spent in this place as a percentage of non-inter-level travel turns spent in the entire game.
 C = Inter-level travel turns spent in this place as a percentage of turns spent in this place.
 D = Turns resting spent in this place as a percentage of non-inter-level travel turns spent in this place.
 E = Turns spent auto-exploring this place as a percentage of non-inter-level travel turns spent in this place.
 F = Non-inter-level travel turns spent in this place divided by the number of levels of this place that you've seen.
                   A       B       C       D       E      F
               +-------+-------+-------+-------+-------+----------------------
         Total | 100.0 | 100.0 |   0.0 |   0.0 |   0.0 | 276.0
       Dungeon | 100.0 | 100.0 |   0.0 |   0.0 |   0.0 | 276.0
               +-------+-------+-------+-------+-------+----------------------

Table legend:
 A = Kills in this place as a percentage of kills in entire the game.
 B = Kills by you in this place as a percentage of kills by you in the entire game.
 C = Kills by friends in this place as a percentage of kills by friends in the entire game.
 D = Other kills in this place as a percentage of other kills in the entire game.
 E = Experience gained in this place as a percentage of experience gained in the entire game.
 F = Experience gained in this place divided by the number of levels of this place that you have seen.
                   A       B       C       D       E      F
               +-------+-------+-------+-------+-------+----------------------
         Total | 100.0 | 100.0 | 100.0 |  -nan | 100.0 |  27.0
       Dungeon | 100.0 | 100.0 | 100.0 |  -nan | 100.0 |  27.0
               +-------+-------+-------+-------+-------+----------------------

Vault maps used:
D:1:      scummos_arrival_simple_fountains, minivault_19, minivault_25,
          minmay_pentomino_v2
D:3:      overflow_temple_1_default, kennysheep_generic_room_10, uniq_grinder,
          uniq_robin
